TOP OF THE 1ST |
---|
So Cal Bruins batting - Pitching for Kansas City Kings : RHP Aaron Palmer | Pitching: RHP Aaron Palmer | | Batting: LHB Patrick Osborne | 0-0: Called Strike 0-1: Ball 1-1: Called Strike 1-2: Ball 2-2: Foul Ball, location: 2F 2-2: Foul Ball, location: 2F 2-2: Strikes out looking | Batting: RHB Lawrence Schroeder | 0-0: Ball 1-0: Foul Ball, location: 2F 1-1: Swinging Strike 1-2: Strikes out looking | Batting: RHB Earl Wiggins | 0-0: Ball 1-0: Called Strike 1-1: Called Strike 1-2: Ball 2-2: Strikes out swinging | Top of the 1st over - 0 runs, 0 hits, 0 errors, 0 left on base; So Cal 0 - Kansas City 0 | BOTTOM OF THE 1ST |
---|
Kansas City Kings batting - Pitching for So Cal Bruins : LHP Jesús González | Pitching: LHP Jesús González | | Batting: RHB Chris Chandler | 0-0: Ball 1-0: Called Strike 1-1: Ball 2-1: Foul Ball, location: 2F 2-2: Ball 3-2: SINGLE (Groundball, 6D) | Batting: SHB Douglas Taylor | 0-0: Ball 1-0: Ball Chris Chandler steals 2nd base 2-0: Ball 3-0: Called Strike 3-1: Base on Balls | Batting: RHB Jeremy Carr | 0-0: Swinging Strike 0-1: Swinging Strike 0-2: Ball 1-2: Strikes out swinging | Batting: RHB Toshimichi Kono | 0-0: Ball 1-0: Foul Ball, location: 2F 1-1: Foul Ball, location: 2F 1-2: Ball 2-2: Grounds into double play, U5-3 (Groundball, 5L) | Bottom of the 1st over - 0 runs, 1 hit, 0 errors, 1 left on base; So Cal 0 - Kansas City 0 | TOP OF THE 2ND |
---|
So Cal Bruins batting - Pitching for Kansas City Kings : RHP Aaron Palmer | Batting: LHB José Antonio Santiago | 0-0: Called Strike 0-1: Foul Ball, location: 2F 0-2: Ball 1-2: Ball 2-2: Ground out 3-1 (Groundball, 34) | Batting: RHB Rubén Calderón | 0-0: Ball 1-0: Foul Ball, location: 2F 1-1: Foul Ball, location: 2F 1-2: SOLO HOME RUN (Flyball, 9LD), Distance : 364 ft | Batting: RHB Javier Deleón | 0-0: Called Strike 0-1: Foul Ball, location: 2F 0-2: SINGLE (Line Drive, 56) | Batting: LHB Jeff Carter | 0-0: Ball Javier Deleón is caught stealing 2nd base 1-0: Ball 2-0: Ball 3-0: Called Strike 3-1: Fly out, F5 (Popup, 15S) | Top of the 2nd over - 1 run, 2 hits, 0 errors, 0 left on base; So Cal 1 - Kansas City 0 | BOTTOM OF THE 2ND |
---|
Kansas City Kings batting - Pitching for So Cal Bruins : LHP Jesús González | Batting: RHB Dave Parker | 0-0: Ball 1-0: SINGLE (Groundball, 56D) | Batting: RHB Rafael Carreón | 0-0: Swinging Strike 0-1: Grounds into double play, 5-4-3 (Groundball, 56) | Batting: LHB Ron Crawford | 0-0: Swinging Strike 0-1: Foul Ball, location: 2F 0-2: SINGLE (Line Drive, 34D) | Batting: RHB Gregg Nelson | 0-0: Foul Ball, location: 2F 0-1: Ball 1-1: Foul Ball, location: 2F 1-2: Foul Ball, location: 2F 1-2: Foul Ball, location: 2F 1-2: Ball 2-2: Fly out, F9 (Line Drive, 9) | Bottom of the 2nd over - 0 runs, 2 hits, 0 errors, 1 left on base; So Cal 1 - Kansas City 0 | TOP OF THE 3RD |
---|
So Cal Bruins batting - Pitching for Kansas City Kings : RHP Aaron Palmer | Batting: LHB Phil Smith | 0-0: Called Strike 0-1: Ball 1-1: Ball 2-1: Ground out 6-3 (Groundball, 6) | Batting: LHB Ryan Drake | 0-0: Foul Ball, location: 2F 0-1: Called Strike 0-2: SINGLE (Groundball, 4MD) | Batting: LHB Patrick Osborne | 0-0: Ball 1-0: Foul Ball, location: 2F 1-1: Ball 2-1: Ground out U3 (Groundball, 3S) Ryan Drake to second | Batting: RHB Lawrence Schroeder | 0-0: Called Strike 0-1: Ball 1-1: Foul Ball, location: 2F 1-2: Ball 2-2: Strikes out swinging | Top of the 3rd over - 0 runs, 1 hit, 0 errors, 1 left on base; So Cal 1 - Kansas City 0 | BOTTOM OF THE 3RD |
---|
Kansas City Kings batting - Pitching for So Cal Bruins : LHP Jesús González | Batting: RHB Oliver Lugo | 0-0: Foul Ball, location: 2F 0-1: Bunt for hit - play at first, batter safe! | Batting: RHB Chris Chandler | 0-0: Ball 1-0: Ball 2-0: Ball 3-0: Called Strike 3-1: Swinging Strike 3-2: Foul Ball, location: 2F 3-2: Base on Balls Oliver Lugo to second | Batting: SHB Douglas Taylor | 0-0: Fly out, F9 (Flyball, 9D) Runner from 2nd tags up, SAFE at 3rd, no throw | Batting: RHB Jeremy Carr | 0-0: Ball 1-0: Fly out, F9 (Flyball, 9D) Throwing error, E9 Oliver Lugo scores Chris Chandler to second | Batting: RHB Toshimichi Kono | 0-0: DOUBLE (Flyball, 8RXD) Chris Chandler scores | Batting: RHB Dave Parker | 0-0: Ball 1-0: Called Strike 1-1: Fly out, F9 (Flyball, 9S) | Bottom of the 3rd over - 2 runs, 2 hits, 1 error, 1 left on base; So Cal 1 - Kansas City 2 | TOP OF THE 4TH |
---|
So Cal Bruins batting - Pitching for Kansas City Kings : RHP Aaron Palmer | Batting: RHB Earl Wiggins | 0-0: Foul Ball, location: 2F 0-1: Foul Ball, location: 2F 0-2: Ball 1-2: DOUBLE (Line Drive, 89D) | Batting: LHB José Antonio Santiago | 0-0: Called Strike 0-1: Foul Ball, location: 2F 0-2: 2-RUN HOME RUN (Flyball, 89XD), Distance : 383 ft | Batting: RHB Rubén Calderón | 0-0: Ball 1-0: Swinging Strike 1-1: Ball 2-1: Fly out, F8 (Line Drive, 8RM) | Batting: RHB Javier Deleón | 0-0: Ball 1-0: Foul Ball, location: 2F 1-1: Swinging Strike 1-2: Ball 2-2: Strikes out swinging | Batting: LHB Jeff Carter | 0-0: Ball 1-0: Called Strike 1-1: Ball 2-1: Ball 3-1: Fly out, F8 (Flyball, 8RD) | Top of the 4th over - 2 runs, 2 hits, 0 errors, 0 left on base; So Cal 3 - Kansas City 2 | BOTTOM OF THE 4TH |
---|
Kansas City Kings batting - Pitching for So Cal Bruins : LHP Jesús González | Batting: RHB Rafael Carreón | 0-0: Ball 1-0: Called Strike 1-1: Ball 2-1: Foul Ball, location: 2F 2-2: Foul Ball, location: 2F 2-2: Strikes out swinging | Batting: LHB Ron Crawford | 0-0: Swinging Strike 0-1: Foul Ball, location: 2F 0-2: Foul Ball, location: 2F 0-2: Ball 1-2: Foul Ball, location: 2F 1-2: Fly out, F2 (Popup, 2LF) | Batting: RHB Gregg Nelson | 0-0: Ball 1-0: Ground out 6-3 (Groundball, 6) | Bottom of the 4th over - 0 runs, 0 hits, 0 errors, 0 left on base; So Cal 3 - Kansas City 2 | TOP OF THE 5TH |
---|
So Cal Bruins batting - Pitching for Kansas City Kings : RHP Aaron Palmer | Batting: LHB Phil Smith | 0-0: Called Strike 0-1: Ground out 4-3 (Groundball, 4) | Batting: LHB Ryan Drake | 0-0: Called Strike 0-1: Fly out, F9 (Flyball, 9LDF) | Batting: LHB Patrick Osborne | 0-0: Called Strike 0-1: Swinging Strike 0-2: Ball 1-2: Ball 2-2: Strikes out swinging | Top of the 5th over - 0 runs, 0 hits, 0 errors, 0 left on base; So Cal 3 - Kansas City 2 | BOTTOM OF THE 5TH |
---|
Kansas City Kings batting - Pitching for So Cal Bruins : LHP Jesús González | Batting: RHB Oliver Lugo | 0-0: SINGLE (Groundball, 4D) | Batting: RHB Chris Chandler | 0-0: Ball 1-0: Foul Ball, location: 2F 1-1: Ball 2-1: Ball 3-1: Grounds into double play, 6-4-3 (Groundball, 56) | Batting: SHB Douglas Taylor | 0-0: Called Strike 0-1: Called Strike 0-2: Ball 1-2: Ball 2-2: Ball 3-2: Ground out 5-3 (Groundball, 56) | Bottom of the 5th over - 0 runs, 1 hit, 0 errors, 0 left on base; So Cal 3 - Kansas City 2 | TOP OF THE 6TH |
---|
So Cal Bruins batting - Pitching for Kansas City Kings : RHP Aaron Palmer | Batting: RHB Lawrence Schroeder | 0-0: Ball 1-0: Ball 2-0: Called Strike 2-1: SOLO HOME RUN (Flyball, 78XD), Distance : 377 ft | Pitching: RHP Mike Fisher | | Batting: RHB Earl Wiggins | 0-0: Ground out 5-3 (Groundball, 56S) | Batting: LHB José Antonio Santiago | 0-0: Ball 1-0: DOUBLE (Line Drive, 7LS) | Batting: RHB Rubén Calderón | 0-0: Intentional Walk | Batting: RHB Javier Deleón | 0-0: Ball 1-0: SINGLE (Groundball, 5D) José Antonio Santiago to third Rubén Calderón to second Runner from 3rd tries for Home, SAFE, throw made home | Batting: LHB Jeff Carter | 0-0: Grounds into double play, 4-6-3 (Groundball, 4) | Top of the 6th over - 2 runs, 3 hits, 0 errors, 1 left on base; So Cal 5 - Kansas City 2 | BOTTOM OF THE 6TH |
---|
Kansas City Kings batting - Pitching for So Cal Bruins : LHP Jesús González | Batting: RHB Jeremy Carr | 0-0: SINGLE (Groundball, 56S) (infield hit) | Batting: RHB Toshimichi Kono | 0-0: Ball 1-0: Fly out, F4 (Popup, 4MD) | Batting: RHB Dave Parker | 0-0: Ball 1-0: Foul Ball, location: 2F 1-1: Ball 2-1: Swinging Strike 2-2: Ball 3-2: Strikes out swinging | Batting: RHB Rafael Carreón | 0-0: Called Strike Jeremy Carr steals 2nd base 0-1: Ball 1-1: Ground out 6-3 (Groundball, 6D) | Bottom of the 6th over - 0 runs, 1 hit, 0 errors, 1 left on base; So Cal 5 - Kansas City 2 | TOP OF THE 7TH |
---|
So Cal Bruins batting - Pitching for Kansas City Kings : RHP Mike Fisher | Batting: LHB Phil Smith | 0-0: Fly out, F9 (Flyball, 89D) | Now in RF: Tony Quinn | | Batting: LHB Ryan Drake | 0-0: Foul Ball, location: 2F 0-1: Called Strike 0-2: Ball 1-2: Ground out 4-3 (Groundball, 4) | Batting: LHB Patrick Osborne | 0-0: Foul Ball, location: 2F 0-1: Ball 1-1: Ground out U3 (Groundball, 34S) | Top of the 7th over - 0 runs, 0 hits, 0 errors, 0 left on base; So Cal 5 - Kansas City 2 | BOTTOM OF THE 7TH |
---|
Kansas City Kings batting - Pitching for So Cal Bruins : LHP Jesús González | Batting: RHB Tony Quinn | 0-0: Foul Ball, location: 2F 0-1: Called Strike 0-2: Ball 1-2: Foul Ball, location: 2F 1-2: Fly out, F8 (Line Drive, 89M) | Batting: RHB Gregg Nelson | 0-0: Ball 1-0: Ball 2-0: Called Strike 2-1: SINGLE (Line Drive, 6) (infield hit) | Pitching: RHP Marty Burgess | | Batting: RHB Oliver Lugo | 0-0: Called Strike 0-1: Fly out, F4 (Popup, 4M) | Batting: RHB Chris Chandler | 0-0: Called Strike 0-1: Ball 1-1: Ball 2-1: Ground out 6-3 (Groundball, 6M) | Bottom of the 7th over - 0 runs, 1 hit, 0 errors, 1 left on base; So Cal 5 - Kansas City 2 | TOP OF THE 8TH |
---|
So Cal Bruins batting - Pitching for Kansas City Kings : RHP Mike Fisher | Batting: RHB Lawrence Schroeder | 0-0: Called Strike 0-1: Ground out 5-3 (Groundball, 2L) | Batting: RHB Earl Wiggins | 0-0: Foul Ball, location: 2F 0-1: Ball 1-1: Foul Ball, location: 2F 1-2: Foul Ball, location: 2F 1-2: SINGLE (Line Drive, 9S) | Pitching: LHP Manuel Parra | | Batting: LHB José Antonio Santiago | 0-0: Fielders Choice at 2nd, 4-6 (Groundball, 4) | Pitching: RHP Alberto Bonilla | | Batting: RHB Rubén Calderón | 0-0: Ball 1-0: Called Strike 1-1: Ball 2-1: Ball 3-1: Called Strike 3-2: Foul Ball, location: 2F 3-2: Foul Ball, location: 2F 3-2: Base on Balls José Antonio Santiago to second | Batting: RHB Javier Deleón | 0-0: Ball 1-0: Foul Ball, location: 2F 1-1: Foul Ball, location: 2F 1-2: Ball 2-2: SINGLE (Line Drive, 7LS) José Antonio Santiago to third Rubén Calderón to second Runner from 3rd tries for Home, SAFE, no throw | Batting: LHB Jeff Carter | 0-0: Called Strike 0-1: Fly out, F6 (Popup, P) | Top of the 8th over - 1 run, 2 hits, 0 errors, 2 left on base; So Cal 6 - Kansas City 2 | BOTTOM OF THE 8TH |
---|
Kansas City Kings batting - Pitching for So Cal Bruins : RHP Marty Burgess | Batting: SHB Douglas Taylor | 0-0: Fly out, F7 (Flyball, 78D) | Batting: RHB Jeremy Carr | 0-0: Called Strike 0-1: Ball 1-1: Ball 2-1: Called Strike 2-2: Ball 3-2: Base on Balls | Batting: RHB Toshimichi Kono | 0-0: SINGLE (Flyball, 8LS) Jeremy Carr to second | Batting: RHB Dave Parker | 0-0: Ball 1-0: Swinging Strike 1-1: Ball 2-1: Grounds into double play, 5-4-3 (Groundball, 56) | Bottom of the 8th over - 0 runs, 1 hit, 0 errors, 1 left on base; So Cal 6 - Kansas City 2 | TOP OF THE 9TH |
---|
So Cal Bruins batting - Pitching for Kansas City Kings : RHP Alberto Bonilla | Pitching: RHP Nick Parks | | Batting: LHB Phil Smith | 0-0: Called Strike 0-1: Swinging Strike 0-2: Ball 1-2: Ball 2-2: DOUBLE (Flyball, 8RXD) | Batting: LHB Ryan Drake | 0-0: Ball 1-0: SINGLE (Groundball, 4MD) Phil Smith to third | Batting: LHB Patrick Osborne | 0-0: Called Strike 0-1: Ball 1-1: DOUBLE (Line Drive, 8RXD) Phil Smith scores Ryan Drake to third Runner from 3rd tries for Home, SAFE, no throw | Batting: RHB Lawrence Schroeder | 0-0: Ball 1-0: Ball 2-0: Fly out, F8 (Flyball, 8RD) Runner from 2nd tags up, SAFE at 3rd with throw | Batting: RHB Earl Wiggins | 0-0: Ball Wild Pitch! Patrick Osborne scores 1-0: Foul Ball, location: 2F 1-1: Fly out, F8 (Flyball, 8LS) | Batting: LHB José Antonio Santiago | 0-0: Called Strike 0-1: Ball 1-1: Fly out, F8 (Flyball, 89D) | Top of the 9th over - 3 runs, 3 hits, 0 errors, 0 left on base; So Cal 9 - Kansas City 2 | BOTTOM OF THE 9TH |
---|
Kansas City Kings batting - Pitching for So Cal Bruins : RHP Marty Burgess | Batting: RHB Rafael Carreón | 0-0: Called Strike 0-1: Called Strike 0-2: Ball 1-2: Strikes out swinging | Batting: RHB Tony Quinn | 0-0: Swinging Strike 0-1: Ball 1-1: Ball 2-1: Ball 3-1: Foul Ball, location: 2F 3-2: Base on Balls | Batting: RHB Gregg Nelson | 0-0: Called Strike 0-1: Ball 1-1: SINGLE (Groundball, 34D) Tony Quinn to second | Batting: RHB Oliver Lugo | 0-0: Called Strike 0-1: Called Strike 0-2: Ball 1-2: Foul Ball, location: 2F 1-2: Ball 2-2: Foul Ball, location: 2F 2-2: Foul Ball, location: 2F 2-2: Foul Ball, location: 2F 2-2: 3-RUN HOME RUN (Flyball, 7D), Distance : 376 ft | Pitching: RHP Masahiko Okada | | Batting: RHB Chris Chandler | 0-0: Called Strike 0-1: Ball 1-1: Ground out 5-3 (Groundball, 5) | Batting: SHB Douglas Taylor | 0-0: Called Strike 0-1: Ball 1-1: Swinging Strike 1-2: Strikes out swinging, 2-3 out at first. | Bottom of the 9th over - 3 runs, 2 hits, 0 errors, 0 left on base; So Cal 9 - Kansas City 5 | |